 Dungeon Crawl Stone Soup version 0.26-a0-752-gcff87cac9a (webtiles) character file.

Game seed: 3306613935256253703

(classic levelgen) 197036 EnegeticOcto the Alchemist (level 17, -8/143 HPs)
             Began as a Deep Elf Transmuter on Nov 6, 2020.
             Was a High Priest of Okawaru.
             Mangled by a bunyip (17 damage)
             ... on level 2 of the Shoals.
             The game lasted 02:17:53 (59670 turns).

EnegeticOcto the Alchemist (Deep Elf Transmuter)   Turns: 59670, Time: 02:17:54

Health: -8/143     AC: 13    Str:  7    XL:     17   Next: 76%
Magic:  25/31      EV: 12    Int: 26    God:    Okawaru [*****.]
Gold:   3737       SH:  0    Dex: 17    Spells: 3/32 levels left

rFire    . . .     SeeInvis .     - Unarmed
rCold    . . .     Faith    .   (shield currently unavailable)
rNeg     + . .     Spirit   .   (armour currently unavailable)
rPois    +         Reflect  .   (helmet currently unavailable)
rElec    .         Harm     .   (cloak currently unavailable)
rCorr    +         Rampage  .   (gloves currently unavailable)
MR       ++++.     Clarity  +   (boots currently unavailable)
Stlth    +++.......             o - amulet of the Four Winds {rN+ MR+++ Clar}
HPRegen  0.33/turn              m - +4 ring of protection
MPRegen  0.22/turn              h - ring of resist corrosion

@: hydra-form
A: very large, agile 1
}: 1/15 runes: decaying
a: End Transformation, Heroism, Finesse, Renounce Religion


You were on level 2 of the Shoals.
You worshipped Okawaru.
Okawaru was extremely pleased with you.
You were an eight-headed hydra.
You visited 6 branches of the dungeon, and saw 30 of its levels.
You also visited: Sewer and Gauntlet.

You collected 5202 gold pieces.
You spent 1465 gold pieces at shops.

Inventory:

Hand Weapons
 k - a +1 dagger of distortion
 K - the +5 mace of the Songs (melded) {speed, rF+ rC+ Dex+4} Attacks with this weapon are significantly faster. It affects your dexterity (+4). It protects you from fire. It protects you from cold.
Missiles
 X - a throwing net (quivered) {!f}
 Y - 19 curare-tipped darts
Armour
 a - a +4 troll leather armour (melded)
 g - a +0 buckler of resistance (melded)
 i - a +2 cloak of stealth (melded)
 M - a +2 pair of boots of running (melded)
 T - a +2 pair of gloves of strength (melded)
Jewellery
 h - a ring of resist corrosion (right foreclaw)
 m - a +4 ring of protection (left foreclaw)
 o - the amulet of the Four Winds (around neck) {rN+ MR+++ Clar}

   [amulet of nothing]

   It protects you from negative energy.
   It affects your resistance to hostile enchantments.
   It protects you against confusion.
 r - an uncursed amulet of guardian spirit
 s - a +4 ring of slaying
 G - the ring of Witteuvoull {rF+ rC++ Str+6}

   [ring of protection from fire]

   It affects your strength (+6).
   It protects you from fire.
   It greatly protects you from cold.
 P - a +4 ring of evasion
Wands
 l - a wand of digging (12) {@v3}
 p - a wand of disintegration (4)
 x - a wand of paralysis (15)
 y - a wand of acid (2) {@v1}
 B - a wand of iceblast (9) {@v2}
 R - a wand of enslavement (1)
 S - a wand of flame (5) {@v4}
 W - a wand of polymorph (31)
Scrolls
 d - 6 scrolls of fog {!r}
 f - 3 scrolls of immolation
 j - 8 scrolls of teleportation {@r3 !r}
 n - 13 scrolls of remove curse {@r2}
 t - 2 scrolls of magic mapping {@r5 !r}
 z - 2 scrolls of amnesia
 H - 2 scrolls of vulnerability
 L - 6 scrolls of fear {!r}
 N - 2 scrolls of holy word
 U - a scroll of silence
 V - 5 scrolls of identify {@r1}
Potions
 b - 16 potions of curing {@q1 !q}
 c - 3 potions of mutation
 e - 6 potions of might {@q3 !q}
 q - 5 potions of brilliance
 u - 4 potions of haste {@q4 !q}
 v - 7 potions of magic
 w - a potion of invisibility
 A - 4 potions of ambrosia
 D - 7 potions of attraction
 F - 2 potions of cancellation
 I - 7 potions of flight
 J - 3 potions of lignification {@q6}
 O - 2 potions of berserk rage
 Q - 4 potions of resistance
 Z - 3 potions of heal wounds {@q2 !q}
Miscellaneous
 C - a phantom mirror
 E - a box of beasts (inert)


   Skills:
 + Level 13.8 Fighting
 - Level 8.0 Dodging
 - Level 5.0 Stealth
 - Level 15.0 Unarmed Combat
 - Level 8.0 Spellcasting
 - Level 5.0 Conjurations
 + Level 17.3 Transmutations
 - Level 12.0 Ice Magic
   Level 3.0 Poison Magic
 - Level 7.0 Invocations
 - Level 6.0 Evocations


You had 3 spell levels left.
You knew the following spells:

 Your Spells              Type           Power        Failure   Level
a - Dragon Form           Tmut           #######...   3%          7
b - Hydra Form            Tmut           #######...   1%          6
c - Frozen Ramparts       Ice            ######       1%          3
e - Ozocubu's Armour      Ice            ######..     1%          3
f - Irradiate             Conj/Tmut      ######....   1%          5
g - Silence               Hex/Air        ##........   83%         5

Your spell library contained the following spells:

 Spells                   Type           Power        Failure   Level
 Beastly Appendage        Tmut           ######       0%          1
 Wereblood                Tmut           #######.     0%          2
 Freeze                   Ice            ####         1%          1
 Spider Form              Tmut/Pois      ######....   1%          3
 Animate Skeleton         Necr           ##....       5%          1
 Pain                     Necr           ##..         5%          1
 Summon Small Mammal      Summ           ##..         5%          1
 Call Imp                 Summ           ##......     9%          2
 Call Canine Familiar     Summ           ##......     17%         3
 Summon Guardian Golem    Hex/Summ       ##......     17%         3
 Vampiric Draining        Necr           ##........   17%         3
 Hailstorm                Conj/Ice       ######..     1%          4
 Ice Form                 Ice/Tmut       ######..     1%          4
 Blade Hands              Tmut           #######...   1%          5
 Summon Ice Beast         Ice/Summ       #####...     4%          4
 Yara's Violent Unravell  Hex/Tmut       ######....   4%          5
 Statue Form              Tmut/Erth      ######...    24%         6
 Animate Dead             Necr           ##........   50%         4
 Cause Fear               Hex            ##........   50%         4
 Leda's Liquefaction      Hex/Erth       ##........   50%         4
 Summon Lightning Spire   Summ/Air       ##......     50%         4
 Bolt of Magma            Conj/Fire/Erth ###.......   63%         5
 Agony                    Necr           ##......     83%         5
 Iron Shot                Conj/Erth      ###.......   97%         6
 Discord                  Hex            ##........   100%        8
 Shatter                  Erth           ##........   100%        9


Dungeon Overview and Level Annotations

Branches:
Dungeon (15/15)            Temple (1/1) D:7            Lair (6/6) D:8
  Swamp (4/4) Lair:2       Shoals (2/4) Lair:3        Slime (0/5) Lair:5
    Orc (2/2) D:11            Elf (0/3) Orc:2        Vaults (0/5) D:14
 Depths (0/5) D:15          Sewer (visited)         Gauntlet (visited)
  Snake: Lair:2-4    Spider: Lair:2-4

Altars:
Ashenzari
Cheibriados
Dithmenos
Elyvilon
Fedhas
Gozag
Hepliaklqana
Kikubaaqudgha
Makhleb
Nemelex Xobeh
Okawaru
Qazlal
Ru
Sif Muna
Trog
Uskayaw
Vehumet
Wu Jian
Xom
Yredelemnul
Zin
The Shining One
Beogh

Shops:
D:10 ?   D:14 !   Orc:1 (   Orc:2 [(!:

Portals:
Trove: D:10 (give 7 potions of haste)

Annotations:
D:15 2 transporters, Arafaate's ghost, weakling FoAM


Innate Abilities, Weirdness & Mutations

((You are partially covered in yellow scales. (AC +2)))
You are agile. (Dex +2)


Message History

The box is emptied!
The merfolk javelineer throws a javelin.
The javelin pierces through you!
The merfolk javelineer throws a javelin.
The javelin pierces through you! What are your orders? t - Shout!
Orders for allies: a - Attack new target. r - Retreat! s - Stop attacking. g - Guard the area. f - Follow me.
Anything else - Cancel.
Gang up on whom?
Press: ? - help, Dir - move target cursor, f - merfolk javelineer
Aim: a merfolk javelineer, wielding a +3 vampiric spear, wearing a +0 leather armour and quivering 13 javelins
Okay, then.
Evoke which item? (* to show all) (? for menu, Esc to quit)
Aiming: Polymorph
Press: ? - help, Shift-Dir - straight line, f - merfolk javelineer
Aim: a merfolk javelineer, wielding a +3 vampiric spear, wearing a +0 leather armour and quivering 13 javelins (chance to defeat MR: 29%)
The merfolk javelineer easily resists.
The merfolk javelineer throws a javelin.
The javelin pierces through you!!
* * * LOW HITPOINT WARNING * * *
Really quaff
Z - 4 potions of heal wounds {@q2 !q}?
You feel much better.
The merfolk javelineer throws a javelin.
The javelin pierces through you but does no damage.
Evoke which item? (* to show all) (? for menu, Esc to quit)
Aiming: Polymorph
Press: ? - help, Shift-Dir - straight line, f/p - merfolk javelineer
Aim: a merfolk javelineer, wielding a +3 vampiric spear, wearing a +0 leather armour and quivering 11 javelins (chance to defeat MR: 29%)
You hear a splash. x4
The merfolk javelineer evaporates and reforms as a bunyip!
The bunyip claws your juvenile shockox beast!!
The bunyip claws your juvenile shockox beast! x2
Your juvenile shockox beast bursts into living lightning!
The living lightning hits the bunyip!
Your juvenile shockox beast blinks!
You see here 7 javelins.
Casting: Hydra Form (dangerous; 1% risk of failure)
Confirm with . or Enter, or press ? or * to list all spells.
You turn into an eight-headed hydra.
The +5 mace of the Songs {speed, rF+ rC+ Dex+4} melds into your body.
Your +2 cloak of stealth melds into your body.
Your +2 pair of gloves of strength melds into your body.
Your +2 pair of boots of running melds into your body.
Your +0 buckler of resistance melds into your body.
Your +4 troll leather armour melds into your body.
You feel less stealthy.
You feel weaker.
You feel rather sluggish.
You feel hot and cold all over.
A sea snake comes into view.
The alligator snapping turtle hisses angrily.
You see here a sling bullet.
You see here a sling bullet.
The bunyip howls a warning cry!
You hear an angry hiss.
The bunyip howls a warning cry!
You see here a sling bullet.
The bunyip claws you!! The bunyip completely misses you. The bunyip misses you.
Evoke which item? (* to show all) (? for menu, Esc to quit)
Aiming: Enslavement
Press: ? - help, Shift-Dir - straight line, f/p - bunyip
Aim: a bunyip (chance to defeat MR: 29%)
The sea snake resists with some effort.
The sea snake barely misses you. The sea snake closely misses you.
Evoke which item? (* to show all) (? for menu, Esc to quit)
Aiming: Enslavement
Press: ? - help, Shift-Dir - straight line, f/p - bunyip
Aim: a bunyip (chance to defeat MR: 29%)
The sea snake resists with some effort.
The sea snake closely misses you.
Evoke which item? (* to show all) (? for menu, Esc to quit)
Aiming: Enslavement
Press: ? - help, Shift-Dir - straight line, f/p - bunyip
Aim: a bunyip (chance to defeat MR: 29%)
The sea snake is charmed.
Your sea snake closely misses the bunyip.
The bunyip claws you!!
* * * LOW HITPOINT WARNING * * *
The bunyip claws you but does no damage.
The bunyip claws you!
* * * LOW HITPOINT WARNING * * *
Your sea snake bites the bunyip!
Your sea snake closely misses the bunyip.
The alligator snapping turtle bites your sea snake!!
Your sea snake completely misses the bunyip.
The alligator snapping turtle bites your sea snake!!
Your sea snake bites the alligator snapping turtle!
Your sea snake bites the alligator snapping turtle.
The alligator snapping turtle misses your sea snake.
Your sea snake bites something but does no damage.
Your sea snake bites something but does no damage.
Something bites your sea snake!!!
Your sea snake dies!
There is a stone staircase leading up here.
The bunyip claws you but does no damage.
The bunyip claws you!!
* * * LOW HITPOINT WARNING * * *
The bunyip claws you!
You die...

≈≈≈≈≈≈≈≈≈≈≈≈≈≈≈≈≈≈≈≈≈≈≈≈≈P≈≈≈≈...
≈≈≈≈≈≈..≈≈≈≈≈≈≈≈≈≈≈.≈≈≈≈≈≈≈≈....#
≈≈≈≈≈..≈≈≈≈≈≈≈≈≈≈≈≈≈≈≈P≈≈≈≈..##.#
≈≈≈≈..≈≈≈≈≈≈≈≈≈≈≈≈..P≈≈≈P...#####
≈≈≈..≈..≈≈≈≈.≈≈≈≈.....P.P...####.
≈≈.....≈≈[.≈...≈...##.##PP..)#...
≈≈......≈≈≈≈.....####.###P.......
..≈≈≈.##.≈≈≈≈^≈...# #..≈≈P≈≈≈P...
≈.≈≈≈.#.≈.≈≈≈≈≈xD## #..≈P≈PP≈≈≈P.
≈.≈≈≈≈≈≈≈.≈≈.....# #..≈≈≈≈≈≈PPP≈
..≈≈≈≈≈≈≈≈≈.....## ##P≈≈≈≈≈≈≈≈≈≈≈
.≈≈≈≈≈≈≈≈≈.....## #PPP..≈≈≈≈≈≈≈≈
≈≈≈≈≈≈≈.≈≈...(## ##PP..≈≈≈≈≈≈≈≈
≈...≈≈≈≈.....## ##.<.#..≈≈≈...≈
≈≈..≈≈≈≈.†#### ####....##........
≈≈≈≈≈≈≈≈≈t# ####..#..≈≈≈≈≈..P....
≈≈≈≈≈≈≈≈≈.###...####..≈≈≈...###..


You could see a bunyip.

Vanquished Creatures
  A kraken (Shoals:2)
  Kirke (Lair:5)
  A thorn hunter (Swamp:4)
  Roxanne (Shoals:1)
  2 orc warlords
  A stone giant (D:11)
  4 bunyips
  Snorg (Lair:5)
  A minotaur (Gauntlet)
  A shambling mangrove (Swamp:4)
  An ettin (D:15)
  3 merfolk impalers
  An ice dragon (D:10)
  Erolcha (Orc:2)
  5 vault guards (D:14)
  4 ogre magi
  2 boulder beetles
  2 merfolk avatars
  21 hydras
  3 ghost crabs
  2 merfolk aquamancers
  A catoblepas (Lair:6)
  2 centaur warriors
  7 alligators
  6 two-headed ogres
  2 tengu warriors
  2 orc high priests
  The ghost of tape the Envoy of Void, a novice DsAK of Lugonu (D:10)
  5 goliath frogs
  Nergalle (D:12)
  A spriggan berserker (Swamp:2)
  Urug (Lair:5)
  A deep elf knight (Swamp:2)
  5 skeletal warriors (D:14)
  4 unseen horrors
  A deep troll (D:15)
  11 swamp dragons
  2 bog bodies
  8 sea snakes
  4 spriggan druids
  A wizard (D:14)
  3 orc knights
  9 harpies
  A necromancer (Lair:3)
  A wolf spider zombie (D:13)
  4 hornets
  12 orc sorcerers
  5 manticores
  2 will-o-the-wisps
  23 fauns
  3 oklob plants
  5 cyclopes
  9 ugly things
  A moth of wrath (D:10)
  19 elephants
  5 deep elf magi
  9 merfolk sirens
  3 black mambas
  2 water nymphs (Shoals:1)
  11 cane toads
  A gargoyle (D:15)
  A torpor snail (Gauntlet)
  10 rime drakes
  An efreet (D:15)
  13 komodo dragons
  2 yaktaurs
  A rime drake (shapeshifter) (D:15)
  5 tengu conjurers
  7 polar bears
  15 trolls
  The ghost of terminal the Sneak, an amateur DgBr (D:4)
  8 merfolk
  2 meliai (D:13)
  6 tyrant leeches
  A bloated husk (Swamp:4)
  25 blink frogs
  8 slime creatures
  A wind drake (Lair:6)
  A hornet (shapeshifter) (D:13)
  A meliai zombie (D:13)
  9 dream sheep
  3 snapping turtles (Shoals:2)
  2 shadows
  A human (D:14)
  A vampire (D:12)
  2 wraiths (D:15)
  9 wyverns
  2 spriggans (Swamp:2)
  4 water elementals (Shoals:1)
  56 yaks
  5 basilisks
  3 vampire mosquitoes (Swamp:1)
  3 hogs (Lair:5)
  Menkaure (D:4)
  5 wargs
  2 soldier ants
  3 acid dragons
  6 swamp worms
  17 water moccasins
  12 swamp drakes
  2 black bears
  3 elephant zombies (Lair:3)
  19 orc warriors
  4 ice beasts
  5 sky beasts
  A phantom (D:8)
  17 ogres
  8 wolves
  2 eyes of draining (D:14)
  5 centaurs
  A komodo dragon zombie (Lair:3)
  4 big kobolds
  25 bullfrogs
  A hornet simulacrum (Gauntlet)
  A water moccasin skeleton (D:11)
  5 scorpions
  28 killer bees
  The ghost of chipmonk the Corrupter of Planes, a weakling DsAK of Lugonu (D:3)
  23 wights
  4 howler monkeys
  9 electric eels
  A wyvern simulacrum (Gauntlet)
  3 quasits
  6 centaur zombies
  2 basilisk zombies (Lair:3)
  A bullfrog zombie (D:12)
  4 jellies
  3 bullfrog skeletons
  5 centaur skeletons
  2 hounds
  27 orc priests
  A gnoll shaman (D:7)
  Jessica (D:3)
  8 iguanas
  40 orc wizards
  14 worker ants
  3 bullfrog simulacra (Gauntlet)
  5 gnolls (D:7)
  20 adders
  3 shadow imps
  5 white imps
  11 oozes
  2 adder skeletons
  2 adder zombies (D:8)
  5 worms
  2 dart slugs (D:2)
  12 leopard geckos
  82 orcs
  6 bats
  21 giant cockroaches
  12 goblins
  8 hobgoblins
  7 jackals
  2 quokkas
  13 ball pythons
  15 frilled lizards
  26 kobolds
  A leopard gecko skeleton (D:4)
  A leopard gecko zombie (D:8)
  13 rats
  3 tentacles (Shoals:2)
1074 creatures vanquished.

Vanquished Creatures (collateral kills)
  Jorgrun (Orc:1)
  Aizul (Swamp:1)
  A bunyip (Swamp:3)
  A hydra (Lair:1)
  An orc high priest (Orc:1)
  A wizard (D:14)
  A cane toad (Lair:6)
  A komodo dragon (Lair:6)
  2 blink frogs (Lair:1)
  2 dream sheep (Lair:5)
  A hog (Lair:5)
  A swamp worm (Swamp:3)
  An electric eel (Lair:3)
  An orc priest (Orc:1)
  An orc wizard (Orc:2)
  3 orcs
20 creatures vanquished.

Vanquished Creatures (others)
  A sea snake (Shoals:2)
  3 bloated husks
  A human (D:9)
  An orc wizard (D:15)
  A worker ant (D:14)
  6 foxfires
  54 fungi
  127 plants
  A tentacle (Shoals:2)
195 creatures vanquished.

Grand Total: 1289 creatures vanquished

Notes
Turn   | Place    | Note
-------+----------+-------------------------------------------
     0 | D:1      | EnegeticOcto the Deep Elf Transmuter began the quest for
                  | the Orb.
     0 | D:1      | Reached XP level 1. HP: 11/11 MP: 6/6
    46 | D:1      | Reached skill level 1 in Stealth
   565 | D:1      | Reached skill level 2 in Stealth
   661 | D:1      | Reached XP level 2. HP: 15/16 MP: 6/8
   977 | D:1      | Reached skill level 3 in Stealth
  1527 | D:1      | Reached XP level 3. HP: 20/20 MP: 7/9
  1536 | D:1      | Learned a level 3 spell: Spider Form
  1837 | D:2      | Reached skill level 3 in Transmutations
  2111 | D:2      | Found a shadowy altar of Dithmenos.
  2125 | D:2      | Reached skill level 1 in Fighting
  2665 | D:2      | Reached skill level 1 in Poison Magic
  3035 | D:2      | Reached XP level 4. HP: 19/25 MP: 4/10
  3291 | D:2      | Reached skill level 2 in Poison Magic
  3501 | D:2      | Found a faded altar of an unknown god.
  3860 | D:3      | Noticed Jessica
  3868 | D:3      | Killed Jessica
  3868 | D:3      | Reached skill level 2 in Fighting
  3877 | D:3      | Found a white marble altar of Elyvilon.
  4137 | D:3      | Reached XP level 5. HP: 28/30 MP: 8/11
  4275 | D:3      | Found a glowing drain.
  4302 | D:3      | Reached skill level 3 in Poison Magic
  4305 | Sewer    | Entered a sewer
  5546 | Sewer    | Learned a level 4 spell: Ice Form
  6061 | Sewer    | Reached skill level 4 in Transmutations
  6061 | Sewer    | Reached XP level 6. HP: 20/36 MP: 9/12
  6672 | Sewer    | Reached skill level 3 in Fighting
  7875 | D:3      | Reached skill level 3 in Dodging
  8018 | D:3      | Found a runed translucent gate.
  8018 | D:3      | Found a runed translucent gate.
  8018 | D:3      | Found a runed translucent gate.
  8020 | D:3      | Noticed chipmonk's ghost (weakling DsAK)
  8615 | D:4      | Found a runed translucent gate.
  8621 | D:4      | Found a runed translucent gate.
  8621 | D:4      | Found an opulent altar of Gozag.
  8622 | D:4      | Found a runed translucent gate.
  8623 | D:4      | Noticed terminal's ghost (amateur DgBr)
  8697 | D:4      | Noticed Menkaure
  8721 | D:4      | Found a blossoming altar of Fedhas.
  8723 | D:4      | Found a hide-covered altar of Uskayaw.
  8880 | D:4      | Reached skill level 4 in Spellcasting
  8880 | D:4      | Reached XP level 7. HP: 31/41 MP: 11/15
  9224 | D:4      | Reached skill level 3 in Unarmed Combat
  9661 | D:5      | Entered Level 5 of the Dungeon
 10103 | D:5      | Reached skill level 4 in Dodging
 10114 | D:5      | Reached skill level 5 in Transmutations
 10635 | D:5      | Reached skill level 5 in Dodging
 12212 | D:6      | Reached skill level 1 in Ice Magic
 12212 | D:6      | Reached XP level 8. HP: 46/46 MP: 12/16
 12871 | D:7      | Found a staircase to the Ecumenical Temple.
 12878 | Temple   | Entered the Ecumenical Temple
 12937 | D:7      | Reached skill level 4 in Stealth
 12956 | D:7      | Found an iron altar of Okawaru.
 12965 | D:7      | Became a worshipper of Warmaster Okawaru
 12979 | D:7      | Reached skill level 5 in Spellcasting
 13029 | D:7      | Found a broken altar of Ashenzari.
 13547 | D:7      | Reached skill level 2 in Ice Magic
 13797 | D:7      | Reached * piety under Okawaru
 13797 | D:7      | Reached skill level 5 in Stealth
 13797 | D:7      | Reached skill level 4 in Unarmed Combat
 13797 | D:7      | Reached skill level 6 in Transmutations
 14118 | D:5      | Reached skill level 4 in Fighting
 14288 | D:8      | Reached skill level 6 in Spellcasting
 14709 | D:8      | Reached XP level 9. HP: 23/52 MP: 5/20
 14924 | D:8      | Reached ** piety under Okawaru
 15152 | D:8      | Found a staircase to the Lair.
 15187 | D:8      | Reached skill level 5 in Fighting
 15187 | D:8      | Reached skill level 5 in Unarmed Combat
 15480 | D:8      | Reached skill level 1 in Invocations
 15752 | D:8      | Reached skill level 2 in Invocations
 16115 | D:8      | Reached skill level 3 in Invocations
 16352 | D:9      | Reached skill level 7 in Transmutations
 16372 | D:9      | Reached *** piety under Okawaru
 16372 | D:9      | Reached skill level 6 in Fighting
 16372 | D:9      | Reached skill level 4 in Invocations
 16800 | D:9      | Identified the +6 trident of Wounding {chaos, +Rage rF-
                  | Dex+7}
 17055 | D:9      | Noticed a moth of wrath
 17058 | D:9      | Found a bloodstained altar of Trog.
 17590 | D:9      | Noticed a troll
 17637 | D:9      | Reached skill level 7 in Fighting
 17637 | D:9      | Reached XP level 10. HP: 61/63 MP: 21/21
 17962 | D:9      | Found an ornate altar of the Wu Jian Council.
 18246 | D:9      | Found an ancient bone altar of Kikubaaqudgha.
 18281 | D:10     | Entered Level 10 of the Dungeon
 18310 | D:10     | Noticed a cyclops
 18316 | D:10     | Killed a cyclops
 18387 | D:10     | Noticed a moth of wrath
 18406 | D:10     | Found a transporter.
 18412 | D:10     | Noticed tape's ghost (novice DsAK)
 18414 | D:10     | Noticed an ice dragon
 18432 | D:10     | Found a transporter.
 18437 | D:10     | Found a portal to a secret trove of treasure.
 18462 | D:10     | Reached skill level 8 in Fighting
 18489 | D:10     | Reached skill level 1 in Evocations
 18770 | D:10     | Found Vasakur's Magic Scroll Boutique.
 18774 | D:10     | Bought a scroll of teleportation for 36 gold pieces
 18774 | D:10     | Bought a scroll of acquirement for 624 gold pieces
 18861 | D:10     | Reached **** piety under Okawaru
 18861 | D:10     | Reached skill level 3 in Ice Magic
 18861 | D:10     | Reached skill level 2 in Evocations
 19474 | D:10     | Reached skill level 3 in Evocations
 19641 | D:10     | Reached skill level 4 in Ice Magic
 20150 | Lair:1   | Entered Level 1 of the Lair of Beasts
 20161 | Lair:1   | Reached skill level 8 in Transmutations
 20408 | Lair:1   | Reached skill level 4 in Evocations
 20444 | Lair:1   | Reached skill level 5 in Ice Magic
 20962 | D:8      | Reached ***** piety under Okawaru
 21054 | Lair:1   | Reached XP level 11. HP: 67/68 MP: 16/23
 21432 | Lair:1   | Received a gift from Okawaru
 21432 | Lair:1   | Reached skill level 7 in Spellcasting
 21435 | Lair:1   | Got a crystal mace {god gift}
 21525 | Lair:1   | Identified the +5 mace of the Songs {speed, rF+ rC+ Dex+4}
                  | (Okawaru gifted it to you on level 1 of the Lair of Beasts)
 22065 | Lair:1   | Noticed a five-headed hydra
 22072 | Lair:1   | Killed a five-headed hydra
 22072 | Lair:1   | Reached skill level 9 in Transmutations
 22319 | Lair:1   | Reached skill level 8 in Spellcasting
 22867 | Lair:2   | Reached skill level 9 in Fighting
 23069 | Lair:2   | Received a gift from Okawaru
 23139 | Lair:2   | Identified a +0 pair of boots of running (Okawaru gifted it
                  | to you on level 2 of the Lair of Beasts)
 23426 | Lair:2   | Found a staircase to the Swamp.
 23579 | Lair:2   | Reached skill level 10 in Transmutations
 24601 | Lair:3   | Reached skill level 10 in Fighting
 24601 | Lair:3   | Reached skill level 11 in Transmutations
 24837 | Lair:3   | Reached XP level 12. HP: 77/77 MP: 21/26
 25645 | Lair:3   | Found a staircase to the Shoals.
 25668 | Lair:3   | Reached skill level 12 in Transmutations
 26277 | Lair:4   | Noticed a six-headed hydra
 27361 | Lair:4   | Received a gift from Okawaru
 27361 | Lair:4   | Reached skill level 5 in Invocations
 27361 | Lair:4   | Reached skill level 5 in Evocations
 27364 | Lair:4   | Got a masterwork halberd {god gift}
 27448 | Lair:3   | Identified the +1 halberd of Okawaru's Outrage {vorpal,
                  | rElec} (Okawaru gifted it to you on level 4 of the Lair of
                  | Beasts)
 27777 | Lair:4   | Reached skill level 6 in Unarmed Combat
 28059 | Lair:4   | Killed a six-headed hydra
 28059 | Lair:4   | Reached skill level 6 in Invocations
 28059 | Lair:4   | Reached skill level 6 in Evocations
 28602 | Lair:4   | Noticed a seven-headed hydra
 28611 | Lair:4   | Killed a seven-headed hydra
 28611 | Lair:4   | Reached skill level 7 in Invocations
 28825 | Lair:4   | Reached skill level 7 in Unarmed Combat
 30332 | Lair:5   | Found a staircase to the Slime Pits.
 30421 | Lair:5   | Reached XP level 13. HP: 82/82 MP: 21/27
 30437 | Lair:5   | Noticed Urug
 30441 | Lair:5   | Found a gate leading to a gauntlet.
 30447 | Lair:5   | Killed Urug
 30447 | Lair:5   | Reached skill level 8 in Unarmed Combat
 30456 | Gauntlet | Entered a Gauntlet
 30456 | Gauntlet | Found a transporter.
 30456 | Gauntlet | Found a runed translucent door.
 30456 | Gauntlet | Found a transporter.
 30457 | Gauntlet | Found a runed translucent door.
 30458 | Gauntlet | Found a transporter.
 30458 | Gauntlet | Found a transporter.
 30462 | Gauntlet | Found a transporter.
 30462 | Gauntlet | Found a transporter.
 30493 | Gauntlet | Found a transporter.
 30494 | Gauntlet | Found a transporter.
 30502 | Gauntlet | Found a transporter.
 30518 | Gauntlet | Found a transporter.
 30532 | Gauntlet | Found a transporter.
 30536 | Gauntlet | Found a transporter.
 30718 | Gauntlet | Got a pair of ichor-stained boots
 30924 | Gauntlet | Identified the +2 pair of boots of Xidghilurgh {MR+ Dex+5
                  | Stlth-} (You found it in a Gauntlet)
 30974 | Gauntlet | Got a faintly glowing helmet
 30982 | Gauntlet | Identified the cursed -3 helmet "Urraipp" {rN++ Slay+3}
                  | (You found it in a Gauntlet)
 31086 | Gauntlet | Noticed a minotaur
 31095 | Gauntlet | Killed a minotaur
 31509 | Lair:5   | Noticed Snorg
 31532 | Lair:5   | Reached skill level 9 in Unarmed Combat
 31536 | Lair:5   | Received a gift from Okawaru
 33049 | Lair:5   | Reached skill level 6 in Ice Magic
 33548 | Lair:6   | Entered Level 6 of the Lair of Beasts
 33564 | Lair:5   | Reached skill level 10 in Unarmed Combat
 33737 | Lair:5   | Learned a level 3 spell: Frozen Ramparts
 33741 | Lair:5   | Learned a level 3 spell: Ozocubu's Armour
 33754 | Lair:6   | Reached skill level 7 in Ice Magic
 34127 | Lair:6   | Reached ****** piety under Okawaru
 34127 | Lair:6   | Received a gift from Okawaru
 34127 | Lair:6   | Reached skill level 8 in Ice Magic
 34136 | Lair:6   | Received a gift from Okawaru
 34696 | Lair:6   | Reached skill level 6 in Dodging
 35076 | Lair:6   | Reached XP level 14. HP: 88/88 MP: 17/28
 35251 | Lair:6   | Reached skill level 9 in Ice Magic
 35425 | Lair:6   | Reached skill level 7 in Dodging
 35444 | Lair:6   | Identified the cursed +2 morningstar of Corruption {freeze,
                  | Int+4} (You found it on level 6 of the Lair of Beasts)
 35956 | Lair:6   | Received a gift from Okawaru
 35959 | Lair:6   | Got a slimy quarterstaff {god gift}
 36424 | Lair:6   | Identified the +6 quarterstaff of Conscience {elec, +Inv
                  | rF+ rC- rN++} (Okawaru gifted it to you on level 6 of the
                  | Lair of Beasts)
 37236 | D:11     | Found a staircase to the Orcish Mines.
 37356 | D:11     | Reached skill level 8 in Dodging
 37625 | D:11     | Reached skill level 10 in Ice Magic
 37708 | D:11     | Reached skill level 11 in Fighting
 37924 | D:11     | Found a runed translucent door.
 38365 | D:11     | Noticed a stone giant
 38386 | D:11     | Killed a stone giant
 38615 | Orc:1    | Entered Level 1 of the Orcish Mines
 38620 | Orc:1    | Found Tidoxawn's Weapon Emporium.
 39203 | Orc:1    | Noticed Jorgrun
 39213 | Orc:1    | Killed Jorgrun
 39213 | Orc:1    | Received a gift from Okawaru
 39628 | Orc:1    | Noticed an orc warlord
 39638 | Orc:1    | Killed an orc warlord
 39638 | Orc:1    | Reached skill level 11 in Ice Magic
 40036 | Orc:2    | Entered Level 2 of the Orcish Mines
 40519 | Orc:2    | Found a roughly hewn altar of Beogh.
 40520 | Orc:2    | Found a staircase to the Elven Halls.
 40536 | Orc:2    | Noticed an orc warlord
 40603 | Orc:2    | Killed an orc warlord
 40974 | Orc:2    | Found a roughly hewn altar of Beogh.
 41420 | Orc:2    | Found Natyle's Antique Armour Shop.
 41502 | Orc:2    | Found an ancient bone altar of Kikubaaqudgha.
 41503 | Orc:2    | Paralysed by an orc sorcerer for 6 turns
 41511 | Orc:2    | Received a gift from Okawaru
 41511 | Orc:2    | Reached skill level 12 in Fighting
 41573 | Orc:2    | Found Hocemos's Antique Weapon Shop.
 41583 | Orc:2    | Found a radiant altar of Vehumet.
 41584 | Orc:2    | Noticed Erolcha
 41801 | Orc:2    | Reached skill level 12 in Ice Magic
 41806 | Orc:2    | Killed Erolcha
 41806 | Orc:2    | Reached XP level 15. HP: 96/96 MP: 23/29
 41926 | Orc:2    | Found a roughly hewn altar of Beogh.
 41926 | Orc:2    | Found Kesysef's Distillery.
 41967 | Orc:2    | Found Powkaxon's Book Boutique.
 42072 | Orc:2    | Bought a potion of heal wounds for 85 gold pieces
 42072 | Orc:2    | Bought a potion of heal wounds for 85 gold pieces
 42072 | Orc:2    | Bought a potion of heal wounds for 85 gold pieces
 42072 | Orc:2    | Gained mutation: Your system is resistant to poisons.
                  | (rPois) [potion of mutation]
 42072 | Orc:2    | Gained mutation: You are frail. (-10% HP) [potion of
                  | mutation]
 42072 | Orc:2    | Gained mutation: You have supernaturally acute eyesight.
                  | (SInv) [potion of mutation]
 42072 | Orc:2    | Gained mutation: Your spells are a little harder to cast,
                  | but a little more powerful. [potion of mutation]
 42073 | Orc:2    | Lost mutation: Your system is resistant to poisons. (rPois)
                  | [potion of mutation]
 42073 | Orc:2    | Lost mutation: Your spells are a little harder to cast, but
                  | a little more powerful. [potion of mutation]
 42073 | Orc:2    | Lost mutation: You have supernaturally acute eyesight.
                  | (SInv) [potion of mutation]
 42073 | Orc:2    | Gained mutation: Your mind is acute. (Int +2) [potion of
                  | mutation]
 42073 | Orc:2    | Gained mutation: You are partially covered in large bone
                  | plates. (SH +4) [potion of mutation]
 42074 | Orc:2    | Lost mutation: You are frail. (-10% HP) [potion of
                  | mutation]
 42074 | Orc:2    | Lost mutation: Your mind is acute. (Int +2) [potion of
                  | mutation]
 42074 | Orc:2    | Lost mutation: You are partially covered in large bone
                  | plates. (SH +4) [potion of mutation]
 42074 | Orc:2    | Gained mutation: Your body sometimes deteriorates upon
                  | taking damage. [potion of mutation]
 42074 | Orc:2    | Gained mutation: You are clumsy. (Dex -2) [potion of
                  | mutation]
 42074 | Orc:2    | Gained mutation: Your spells are a little easier to cast,
                  | but a little less powerful. [potion of mutation]
 42074 | Orc:2    | Gained mutation: You are partially covered in yellow
                  | scales. (AC +2) [potion of mutation]
 42075 | Orc:2    | Lost mutation: You are clumsy. (Dex -2) [potion of
                  | mutation]
 42075 | Orc:2    | Lost mutation: Your spells are a little easier to cast, but
                  | a little less powerful. [potion of mutation]
 42075 | Orc:2    | Lost mutation: Your body sometimes deteriorates upon taking
                  | damage. [potion of mutation]
 42075 | Orc:2    | Gained mutation: You have sharp toenails. [potion of
                  | mutation]
 42075 | Orc:2    | Lost mutation: You have sharp toenails. [potion of
                  | mutation]
 42075 | Orc:2    | Gained mutation: You are agile. (Dex +2) [potion of
                  | mutation]
 42076 | Orc:2    | Bought a potion of resistance for 170 gold pieces
 42088 | Orc:2    | Acquired 958 gold pieces
 42516 | D:12     | Noticed Nergalle
 42525 | D:12     | Killed Nergalle
 42936 | D:12     | Reached skill level 13 in Transmutations
 42991 | D:12     | Found a stormy altar of Qazlal.
 43033 | D:12     | Learned a level 6 spell: Hydra Form
 43039 | D:12     | Learned a level 5 spell: Irradiate
 43045 | D:12     | Learned a level 5 spell: Silence
 43176 | D:12     | Reached skill level 1 in Conjurations
 43686 | D:13     | Reached skill level 2 in Conjurations
 43737 | D:13     | Received a gift from Okawaru
 44719 | D:13     | Reached skill level 3 in Conjurations
 45384 | D:14     | Reached skill level 4 in Conjurations
 45886 | D:14     | Found a sacrificial altar of Ru.
 46070 | D:14     | Found Houcoc's Distillery.
 46107 | D:14     | Reached skill level 5 in Conjurations
 46117 | D:14     | Reached skill level 11 in Unarmed Combat
 46208 | D:14     | Bought a potion of haste for 190 gold pieces
 46208 | D:14     | Bought a potion of haste for 190 gold pieces
 46345 | D:14     | Reached skill level 14 in Transmutations
 46733 | D:14     | Found a gate to the Vaults.
 46918 | D:15     | Entered Level 15 of the Dungeon
 47216 | D:15     | Found a transporter.
 47218 | D:15     | Identified the +6 great sword "Eviscerator" {flame, rC+ rN+
                  | Stlth+}
 47288 | D:15     | Received a gift from Okawaru
 47487 | D:15     | Found a transporter.
 47491 | D:15     | Found a bloodstained altar of Trog.
 47491 | D:15     | Noticed Arafaate's ghost (weakling FoAM)
 47491 | D:15     | Identified the +5 demon blade "Wood Tenn" {protect, MR+}
 47491 | D:15     | Noticed an orc warlord
 47528 | D:15     | Reached skill level 12 in Unarmed Combat
 47537 | D:15     | Identified the cursed +1 battleaxe of Day {chaos, Int+3}
 47872 | D:15     | Reached XP level 16. HP: 73/101 MP: 6/30
 48577 | D:15     | Found a staircase to the Depths.
 48636 | D:15     | Reached skill level 15 in Transmutations
 48781 | D:15     | Reached skill level 13 in Unarmed Combat
 49391 | D:3      | Killed chipmonk's ghost
 49484 | D:4      | Killed Menkaure
 49668 | D:4      | Killed terminal's ghost
 49968 | D:10     | Killed tape's ghost
 49982 | D:10     | Identified the ring of Witteuvoull {rF+ rC++ Str+6} (You
                  | found it on level 10 of the Dungeon)
 50417 | Lair:5   | Killed Snorg
 50492 | Lair:5   | Noticed Kirke
 50528 | Lair:5   | Killed Kirke
 50528 | Lair:5   | Received a gift from Okawaru
 50528 | Lair:5   | Reached skill level 14 in Unarmed Combat
 50545 | Lair:5   | Learned a level 7 spell: Dragon Form
 50694 | Swamp:1  | Entered Level 1 of the Swamp
 51172 | Swamp:1  | Noticed Aizul
 51190 | Swamp:1  | HP: 3/131 [ghost crab (5)]
 51190 | Swamp:1  | HP: 1/131 [ghost crab (2)]
 51193 | Swamp:1  | Killed Aizul
 52817 | Swamp:2  | HP: 5/131 [spectral eight-headed hydra[a ghost crab] (5)]
 53977 | Swamp:2  | Received a gift from Okawaru
 53978 | Swamp:2  | Got a pair of scorched boots {god gift}
 53980 | Swamp:2  | Identified the +1 pair of boots of Follow the Leader {Str+6
                  | SInv} (Okawaru gifted it to you on level 2 of the Swamp)
 55293 | Swamp:4  | Entered Level 4 of the Swamp
 55880 | Swamp:4  | Noticed a thorn hunter
 55893 | Swamp:4  | Killed a thorn hunter
 55904 | Swamp:4  | Reached XP level 17. HP: 108/108 MP: 0/31
 55911 | Swamp:4  | Reached skill level 16 in Transmutations
 55975 | Swamp:4  | Got a decaying rune of Zot
 56085 | Swamp:4  | Received a gift from Okawaru
 56631 | Shoals:1 | Entered Level 1 of the Shoals
 56631 | Shoals:1 | Noticed Roxanne
 56643 | Shoals:1 | Reached skill level 13 in Fighting
 56775 | Shoals:1 | Reached skill level 15 in Unarmed Combat
 56794 | Shoals:1 | Received a gift from Okawaru
 58010 | Shoals:1 | Killed Roxanne
 58010 | Shoals:1 | Received a gift from Okawaru
 58138 | Shoals:2 | Noticed a kraken
 58301 | Shoals:2 | Killed a kraken
 58544 | Shoals:2 | Reached skill level 17 in Transmutations
 59185 | Shoals:2 | Acquired 941 gold pieces
 59670 | Shoals:2 | Mangled by a bunyip

Illustrated notes

Levels and vault maps discovered:
D:1:      saegor_arrival_simple_e, layout_basic, serial_park_tiny_pond
D:2:      layout_basic, chequers_ecumenical_altar_simple_redux,
          grunt_dithmenos_smoke_and_mirrors
D:3:      wander_river, layout_rooms, elyvilon_altar_5,
          gammafunk_ghost_nasty_kobolds, cheibrodos_sewer_entry_bend,
          kennysheep_cross_room, patterned_corridor, uniq_jessica
D:4:      layout_basic, nicolae_overflow_hidden_temple, ebering_ghost_gozag,
          uniq_menkaure
D:5:      layout_gridville, hangedman_minor_gate_pass
D:6:      layout_loops_ring
D:7:      layout_loops_ring, kennysheep_okawaru_gauntlet,
          overflow_temple_1_default, minmay_temple_entry_statues_pillars
D:8:      layout_loops_corners, lair_entry_dummy, minmay_misc_feat_plants
D:9:      layout_basic, tgw_trog, kennysheep_little_box, tgw_kikubaaqudgha
D:10:     layout_irregular_city, serial_shops, shop,
          gammafunk_ghost_berserking_beasts, enter_trove_2
D:11:     layout_roguey, erik_orc_4, lightli_airlock
D:12:     layout_roguey, lemuel_tele_altar, uniq_nergalle
D:13:     layout_irregular_city, eino_jars
D:14:     layout_roguey, grunt_vaults_entry_fortified, kennysheep_nondescript,
          serial_shops, nicolae_shop_temple_entry_statues_fountains,
          nicolae_ru_sacrificial_ziggurat
D:15:     hangedman_depths_entry_civil_slaughter, layout_long_grid,
          gammafunk_ghost_wrathful_warriors, hangedman_decor_riveting
Temple:   eino_temple_lava
Lair:1:   layout_chaotic_city, grunt_forest_small_clearings
Lair:2:   layout_chaotic_city, minmay_swamp_entry_reptiles, serial_bayou_ford_a,
          minmay_holes, infiniplex_staircase_pool
Lair:3:   pond_and_an_island_with_a_cottage, layout_small_grid,
          minmay_shoals_entry_lonely_mermaid, wad_woods_road_05,
          grunt_megastairs_5
Lair:4:   layout_small_grid, serial_bayou_shore_a, lemuel_fruit_fields
Lair:5:   layout_hall_layers, nicolae_slime_entry_slimehenge,
          gauntlet_entry_generic, minmay_lair_drake_nest, uniq_snorg, uniq_urug,
          uniq_kirke
Lair:6:   gammafunk_lair_ancient_temple, layout_long_grid,
          nicolae_quartered_pool_medium, st_stairs_13, columned_hall_lemuel
Swamp:1:  layout_basic_swamp, hangedman_swamp_ruin_wall, swamp_pool5, uniq_aizul
Swamp:2:  cheibrodos_swamp_heart_of_darkness, layout_falls_marsh,
          hangedman_swamp_cone
Swamp:3:  layout_basic_swamp, nicolae_swamp_triple_paths
Swamp:4:  swamp, layout_basic_swamp
Shoals:1: layout_shoals, uniq_roxanne
Shoals:2: cheibrodos_shoals_epimethial_gifts, layout_shoals,
          nicolae_shoals_this_corrosion
Orc:1:    layout_caves, serial_shops, nicolae_shop_trees,
          lightli_volcano_entry_magma_tube, uniq_jorgrun
Orc:2:    kennysheep_orc_mage_school, layout_caves, basic_altar,
          minmay_orc_temple_c

Skill      XL: |  1  2  3  4  5  6  7  8  9 10 11 12 13 14 15 16 17 |
---------------+----------------------------------------------------+-----
Stealth        | 2 3 5 |  5.0
Transmutations | 3 4 5 6 7 8 11 12 14 15 17 | 17.3
Fighting       | 1 2 3 4 7 8 10 12 13 | 13.8
Poison Magic   | 1 2 3 |  3.0
Dodging        | 3 5 6 8 |  8.0
Spellcasting   | 4 6 8 |  8.0
Unarmed Combat | 3 4 5 7 10 12 14 15 | 15.0
Ice Magic      | 1 2 5 8 12 | 12.0
Invocations    | 4 7 |  7.0
Evocations     | 4 6 |  6.0
Conjurations   | 5 |  5.0

Action                   |  1- 3 |  4- 6 |  7- 9 | 10-12 | 13-15 | 16-18 || total
-------------------------+-------+-------+-------+-------+-------+-------++-------
Melee: Unarmed           |   124 |   283 |   475 |   747 |  1234 |   656 ||  3519
       Kick              |    21 |     2 |       |       |       |       ||    23
       Headbutt          |    19 |     1 |       |       |       |       ||    20
       Punch             |     1 |       |       |     1 |       |       ||     2
       Mace              |       |       |       |     1 |     3 |     3 ||     7
       Bite              |       |       |       |       |       |     3 ||     3
       Tailslap          |       |       |       |       |       |     2 ||     2
Throw: Boomerang         |       |       |    15 |     7 |       |       ||    22
 Cast: Beastly Appendage |    29 |     5 |       |       |       |       ||    34
       Spider Form       |    10 |    49 |    51 |    35 |     2 |       ||   147
       Ice Form          |       |       |    23 |    57 |    88 |       ||   168
       Ozocubu's Armour  |       |       |       |       |    56 |    41 ||    97
       Frozen Ramparts   |       |       |       |       |    81 |     9 ||    90
       Hydra Form        |       |       |       |       |    52 |    94 ||   146
       Dragon Form       |       |       |       |       |       |     2 ||     2
Invok: Heroism           |       |       |     4 |    18 |     8 |    16 ||    46
       Finesse           |       |       |       |       |     1 |     4 ||     5
 Abil: End Transformatio |       |       |     1 |       |     8 |     3 ||    12
Evoke: Wand              |       |       |     5 |    13 |    12 |    34 ||    64
       Box of beasts     |       |       |       |     2 |     4 |     4 ||    10
       Phantom mirror    |       |       |       |     2 |     4 |     3 ||     9
  Use: Scroll            |     4 |     2 |     9 |    18 |    11 |    23 ||    67
       Potion            |       |       |       |     1 |     6 |     9 ||    16
 Stab: Sleeping          |    10 |     7 |     9 |     7 |    10 |     4 ||    47
       Paralysed         |       |       |    13 |       |    14 |     7 ||    34
       Distracted        |       |       |     1 |       |     4 |     1 ||     6
       Petrifying        |       |       |       |       |     1 |       ||     1
       Confused          |       |       |       |       |       |     2 ||     2
Armor: Robe              |    20 |     3 |       |     4 |       |       ||    27
       Skin              |       |    10 |    39 |   110 |   413 |   280 ||   852
       Troll leather arm |       |       |       |       |     1 |     2 ||     3
Dodge: Dodged            |    78 |   206 |   341 |   573 |   662 |   411 ||  2271
Block: Buckler           |       |       |       |       |     2 |     2 ||     4

Table legend: (Time is in decaauts)
 A = Elapsed time spent in this place.
 B = Non-inter-level travel time spent in this place.
 C = Inter-level travel time spent in this place.
 D = Time resting spent in this place.
 E = Time spent auto-exploring this place.
 F = Levels seen in this place.
 G = Mean time per level.
                   A        B        C        D        E       F      G
               +--------+--------+--------+--------+--------+-----+--------+
         Total |  58595 |  56000 |   2595 |  11653 |  33460 |  32 | 1831.1 |
       Dungeon |  27972 |  26471 |   1501 |   3978 |  17769 |  15 | 1864.8 |
        Temple |     32 |     32 |      0 |      0 |      0 |   1 |   32.0 |
          Lair |  15387 |  14730 |    657 |   3501 |   8212 |   6 | 2564.5 |
         Swamp |   5752 |   5476 |    276 |   1306 |   3383 |   4 | 1438.0 |
        Shoals |   3009 |   2946 |     63 |    148 |   2158 |   2 | 1504.5 |
  Orcish Mines |   3090 |   2993 |     97 |    426 |   1737 |   2 | 1545.0 |
         Sewer |   2699 |   2699 |      0 |   2048 |     17 |   1 | 2699.0 |
      Gauntlet |    649 |    649 |      0 |    244 |    182 |   1 |  649.0 |
               +--------+--------+--------+--------+--------+-----+--------+

Top non-repeatable levels by time:
  Lair:3: 3661 daAuts
  Lair:4: 3236 daAuts
     D:8: 3009 daAuts
  Lair:5: 2927 daAuts
   Sewer: 2699 daAuts
     D:1: 2276 daAuts
    D:11: 2107 daAuts
  Lair:6: 2087 daAuts
    D:15: 2082 daAuts
 Swamp:1: 2045 daAuts
    D:14: 2038 daAuts
     D:9: 2017 daAuts
     D:2: 2016 daAuts
  Lair:1: 1941 daAuts
     D:5: 1924 daAuts
